[ AOE2 MATCH · #466997772 ]
UnrankedKoreans vs Hindustanis
[ REPLAY ANALYSIS · EXTRACTED FROM THE RECORDED GAME ]
Feudal
10:54
Castle
20:29
Imperial
33:02
| APM avg | 23.1 |
| APM peak | 63 |
| eAPM avg | 14.3 |
| Villagers / military | 144 / 234 |
Focus
⚔️ 44.7% · 🌾 55.3%
War Wagon ×86 · Spearman ×41 · Militia ×38 · Iron Pagoda ×36 · Bombard Cannon ×28 · Fishing Ship ×4
Feudal
12:26
Castle
19:44
Imperial
55:14
| APM avg | 10.0 |
| APM peak | 30 |
| eAPM avg | 8.9 |
| Villagers / military | 140 / 129 |
Focus
⚔️ 38.8% · 🌾 61.2%
Ghulam ×85 · Scout Cavalry ×17 · Camel Scout ×15 · Armored Elephant ×7 · Militia ×3 · Spearman ×2
Feudal
13:10
Castle
29:30
Imperial
44:32
| APM avg | 10.0 |
| APM peak | 24 |
| eAPM avg | 9.3 |
| Villagers / military | 94 / 357 |
Focus
⚔️ 46.0% · 🌾 54.0%
Skirmisher ×147 · Throwing Axeman ×63 · Scout Cavalry ×59 · Knight ×37 · Scorpion ×30 · Trade Cart ×21
Feudal
—
Castle
—
Imperial
—
| APM avg | 10.7 |
| APM peak | 44 |
| eAPM avg | 10.1 |
| Villagers / military | 102 / 257 |
Focus
⚔️ 52.6% · 🌾 47.4%
Militia ×124 · Spearman ×62 · Centurion ×50 · Fishing Ship ×11 · Archer ×8 · Skirmisher ×7
Feudal
11:49
Castle
19:00
Imperial
40:59
| APM avg | 21.6 |
| APM peak | 60 |
| eAPM avg | 14.1 |
| Villagers / military | 98 / 290 |
Focus
⚔️ 41.8% · 🌾 58.2%
Gbeto ×125 · Archer ×114 · Spearman ×44 · Trebuchet (Packed) ×6 · Fishing Ship ×5 · Trade Cart ×4
Feudal
13:47
Castle
23:17
Imperial
43:17
| APM avg | 16.3 |
| APM peak | 62 |
| eAPM avg | 13.1 |
| Villagers / military | 92 / 78 |
Focus
⚔️ 63.7% · 🌾 36.3%
Unknown (2550) ×303 · Petard ×38 · Kamayuk ×22 · Battering Ram ×18
Feudal
—
Castle
—
Imperial
—
| APM avg | 13.2 |
| APM peak | 46 |
| eAPM avg | 7.2 |
| Villagers / military | 78 / 42 |
Focus
⚔️ 21.8% · 🌾 78.2%
Knight ×14 · Scorpion ×12 · Teutonic Knight ×12 · Trebuchet (Packed) ×4
Feudal
13:36
Castle
20:04
Imperial
34:02
| APM avg | 10.8 |
| APM peak | 55 |
| eAPM avg | 8.2 |
| Villagers / military | 82 / 447 |
Focus
⚔️ 31.8% · 🌾 68.2%
Samurai ×300 · Archer ×145 · Trade Cart ×8 · Trebuchet (Packed) ×2
Match map
Initial resources + every placement click. Lines = walls · curves = elevation contours. ◆ gold · ⬟ stone · ● berries · ✦ relic · ◌ wall gap
Your base· Open — unwalled flank
dddddeano's base· Open — 4t gap
melanie0523's base· ✓ Closed at 29:30 · 75t walls · 3 gate(s)
NorWarHero6319's base· Open — unwalled flank
GRaFa's base· ✓ Closed at 19:00 · 93t walls · 1 gate(s)
LabChap's base· Open — 8t gap
webitos9958's base· Open — unwalled flank
svetoslavivanov1's base· Open — unwalled flank
Smoothed initial terrain · ◌ = detected wall gap · hover for details
Inputs per minute
— mat13bg - - dddddeano
Build order — mat13bg
First 150 of 517 actions detected
| 0:11 | Build | House |
| 0:14 | Build | House |
| 0:16 | Create | Villager (Male) |
| 0:16 | Create | Villager (Male) |
| 0:16 | Create | Villager (Male) |
| 0:17 | Create | Villager (Male) |
| 0:17 | Create | Villager (Male) |
| 0:45 | Build | House |
| 1:25 | Build | House |
| 1:47 | Create | Villager (Male) |
| 1:47 | Create | Villager (Male) |
| 2:23 | Create | Villager (Male) |
| 2:23 | Create | Villager (Male) |
| 2:48 | Create | Villager (Male) |
| 2:48 | Create | Villager (Male) |
| 3:14 | Create | Villager (Male) |
| 3:14 | Create | Villager (Male) |
| 3:34 | Create | Villager (Male) |
| 3:34 | Create | Villager (Male) |
| 3:48 | Create | Villager (Male) |
| 3:48 | Create | Villager (Male) |
| 4:21 | Build | Lumber Camp |
| 4:27 | Create | Villager (Male) |
| 4:46 | Create | Villager (Male) |
| 5:49 | Create | Villager (Male) |
| 5:51 | Create | Villager (Male) |
| 5:51 | Create | Villager (Male) |
| 5:51 | Create | Villager (Male) |
| 6:27 | Build | Mill |
| 6:56 | Create | Villager (Male) |
| 7:26 | Create | Villager (Male) |
| 7:26 | Create | Villager (Male) |
| 7:27 | Create | Villager (Male) |
| 7:27 | Create | Villager (Male) |
| 7:27 | Create | Villager (Male) |
| 7:28 | Create | Villager (Male) |
| 7:35 | Research | Loom |
| 8:32 | Research | Feudal Age |
| 9:06 | Build | House |
| 9:09 | Build | House |
| 9:39 | Create | Villager (Male) |
| 9:40 | Create | Villager (Male) |
| 9:40 | Create | Villager (Male) |
| 10:08 | Build | House |
| 10:09 | Build | House |
| 10:54 | Age | Feudal Age |
| 10:55 | Create | Villager (Male) |
| 10:55 | Create | Villager (Male) |
| 10:55 | Create | Villager (Male) |
| 11:01 | Research | Double-Bit Axe |
| 11:13 | Build | Gate |
| 11:35 | Create | Villager (Male) |
| 11:35 | Create | Villager (Male) |
| 12:44 | Build | House |
| 13:02 | Build | Stone Wall |
| 13:10 | Build | Farm |
| 13:12 | Create | Villager (Male) |
| 13:12 | Create | Villager (Male) |
| 13:13 | Create | Villager (Male) |
| 13:13 | Create | Villager (Male) |
| 13:13 | Create | Villager (Male) |
| 13:35 | Build | Market |
| 14:05 | Build | Blacksmith |
| 14:29 | Build | Mining Camp |
| 15:02 | Build | House |
| 15:05 | Build | House |
| 15:21 | Build | House |
| 15:51 | Research | Gold Mining |
| 15:56 | Create | Villager (Male) |
| 15:57 | Create | Villager (Male) |
| 15:57 | Create | Villager (Male) |
| 16:46 | Build | Farm |
| 16:51 | Build | Farm |
| 17:26 | Build | Farm |
| 17:30 | Build | Farm |
| 17:33 | Build | Farm |
| 17:38 | Build | Farm |
| 17:42 | Build | Farm |
| 17:45 | Build | Farm |
| 17:49 | Research | Castle Age |
| 18:00 | Build | Barracks |
| 18:08 | Build | House |
| 18:10 | Build | House |
| 18:12 | Build | House |
| 18:25 | Create | Villager (Male) |
| 19:01 | Build | Mining Camp |
| 19:07 | Create | Villager (Male) |
| 19:08 | Create | Villager (Male) |
| 19:19 | Build | Farm |
| 19:26 | Research | Horse Collar |
| 19:42 | Build | Archery Range |
| 19:46 | Create | Spearman |
| 19:46 | Create | Spearman |
| 19:53 | Build | House |
| 19:59 | Build | Gate |
| 20:12 | Research | Stone Mining |
| 20:29 | Age | Castle Age |
| 20:37 | Create | Villager (Male) |
| 20:37 | Create | Villager (Male) |
| 20:52 | Build | Farm |
| 20:59 | Create | Villager (Male) |
| 21:14 | Build | Dock |
| 21:27 | Build | Farm |
| 21:49 | Build | House |
| 21:51 | Build | House |
| 21:52 | Build | House |
| 22:06 | Build | Farm |
| 22:09 | Research | Heavy Plow |
| 22:12 | Create | Villager (Male) |
| 22:25 | Create | Fishing Ship |
| 22:27 | Create | Fishing Ship |
| 22:27 | Create | Fishing Ship |
| 22:40 | Build | Siege Workshop |
| 22:49 | Build | Farm |
| 22:52 | Build | Farm |
| 22:57 | Create | Villager (Male) |
| 23:04 | Build | Farm |
| 23:17 | Create | Villager (Male) |
| 23:24 | Research | Bow Saw |
| 23:46 | Build | House |
| 23:49 | Build | House |
| 23:50 | Build | House |
| 23:58 | Build | Farm |
| 24:00 | Create | Villager (Male) |
| 24:01 | Create | Villager (Male) |
| 24:16 | Build | Town Center |
| 24:39 | Build | Farm |
| 24:45 | Build | Farm |
| 25:03 | Create | Villager (Male) |
| 25:03 | Create | Villager (Male) |
| 25:03 | Create | Villager (Male) |
| 25:09 | Build | House |
| 25:11 | Build | House |
| 25:13 | Build | House |
| 25:15 | Create | Fishing Ship |
| 25:20 | Create | Spearman |
| 25:21 | Create | Militia |
| 25:22 | Create | Spearman |
| 25:22 | Create | Militia |
| 25:22 | Create | Spearman |
| 25:23 | Create | Militia |
| 25:23 | Create | Spearman |
| 25:33 | Build | Mill |
| 25:36 | Build | House |
| 25:38 | Build | House |
| 25:40 | Build | House |
| 25:48 | Build | Stone Wall |
| 25:56 | Build | Farm |
| 26:08 | Create | Villager (Male) |
| 26:09 | Create | Villager (Male) |
Build order — dddddeano
First 150 of 398 actions detected
| 0:03 | Create | Villager (Male) |
| 0:04 | Create | Villager (Male) |
| 0:04 | Create | Villager (Male) |
| 0:04 | Create | Villager (Male) |
| 0:10 | Build | House |
| 1:00 | Build | House |
| 1:43 | Create | Villager (Male) |
| 1:43 | Create | Villager (Male) |
| 1:43 | Create | Villager (Male) |
| 2:32 | Create | Villager (Male) |
| 3:08 | Create | Villager (Male) |
| 3:08 | Create | Villager (Male) |
| 3:08 | Create | Villager (Male) |
| 3:09 | Create | Villager (Male) |
| 4:06 | Create | Villager (Male) |
| 4:06 | Create | Villager (Male) |
| 4:40 | Create | Villager (Male) |
| 4:40 | Create | Villager (Male) |
| 4:41 | Create | Villager (Male) |
| 4:49 | Build | House |
| 5:04 | Create | Villager (Male) |
| 5:04 | Create | Villager (Male) |
| 5:04 | Create | Villager (Male) |
| 5:08 | Create | Villager (Male) |
| 5:08 | Create | Villager (Male) |
| 5:08 | Create | Villager (Male) |
| 5:12 | Create | Villager (Male) |
| 5:13 | Create | Villager (Male) |
| 5:20 | Build | House |
| 5:31 | Build | House |
| 5:51 | Create | Villager (Male) |
| 5:51 | Create | Villager (Male) |
| 5:52 | Create | Villager (Male) |
| 5:52 | Create | Villager (Male) |
| 5:52 | Create | Villager (Male) |
| 6:42 | Build | Mill |
| 8:35 | Build | Lumber Camp |
| 9:35 | Build | Lumber Camp |
| 10:16 | Research | Feudal Age |
| 11:28 | Build | Lumber Camp |
| 12:11 | Build | House |
| 12:13 | Build | House |
| 12:15 | Build | House |
| 12:16 | Build | House |
| 12:26 | Age | Feudal Age |
| 12:33 | Build | Barracks |
| 12:51 | Build | Stone Wall |
| 12:58 | Build | Stone Wall |
| 13:33 | Build | Stable |
| 13:39 | Build | Blacksmith |
| 13:49 | Build | Market |
| 14:23 | Build | Mining Camp |
| 14:40 | Research | Wheelbarrow |
| 14:49 | Build | House |
| 14:52 | Research | Double-Bit Axe |
| 14:57 | Research | Horse Collar |
| 15:41 | Build | Stone Wall |
| 16:02 | Build | Farm |
| 16:02 | Build | Farm |
| 16:03 | Build | Farm |
| 16:03 | Build | Farm |
| 16:03 | Build | Farm |
| 16:19 | Build | Farm |
| 16:19 | Build | Farm |
| 16:20 | Build | Farm |
| 16:20 | Build | Farm |
| 16:20 | Build | Farm |
| 16:20 | Build | Farm |
| 16:21 | Build | Farm |
| 17:04 | Research | Castle Age |
| 17:15 | Build | Stone Wall |
| 18:08 | Build | Mining Camp |
| 18:42 | Research | Gold Mining |
| 19:10 | Research | Stone Mining |
| 19:41 | Build | Stone Wall |
| 19:44 | Age | Castle Age |
| 19:58 | Create | Villager (Male) |
| 19:58 | Create | Villager (Male) |
| 19:58 | Create | Villager (Male) |
| 19:58 | Create | Villager (Male) |
| 19:59 | Create | Villager (Male) |
| 19:59 | Create | Villager (Male) |
| 19:59 | Create | Villager (Male) |
| 19:59 | Create | Villager (Male) |
| 20:15 | Build | Town Center |
| 21:00 | Build | Stone Wall |
| 21:19 | Research | Bow Saw |
| 21:28 | Build | Farm |
| 21:29 | Build | Farm |
| 21:29 | Build | Farm |
| 21:42 | Create | Villager (Male) ×5 |
| 21:42 | Create | Villager (Male) ×5 |
| 21:42 | Create | Villager (Male) ×2 |
| 22:08 | Build | Stone Wall |
| 22:21 | Research | Husbandry |
| 23:01 | Build | Watch Tower |
| 23:45 | Build | Watch Tower |
| 24:36 | Build | Siege Workshop |
| 24:41 | Create | Villager (Male) |
| 24:41 | Create | Villager (Male) |
| 24:41 | Create | Villager (Male) |
| 24:42 | Create | Villager (Male) |
| 24:42 | Create | Villager (Male) |
| 24:43 | Create | Villager (Male) |
| 24:51 | Create | Villager (Male) |
| 24:51 | Create | Villager (Male) |
| 24:51 | Create | Villager (Male) |
| 25:25 | Create | Armored Elephant |
| 25:25 | Create | Armored Elephant |
| 26:16 | Create | Armored Elephant |
| 26:16 | Create | Armored Elephant |
| 26:33 | Create | Villager (Male) |
| 26:33 | Create | Villager (Male) |
| 27:30 | Build | Watch Tower |
| 28:59 | Create | Scout Cavalry |
| 28:59 | Create | Scout Cavalry |
| 28:59 | Create | Scout Cavalry |
| 30:01 | Create | Militia |
| 30:01 | Create | Militia |
| 30:02 | Create | Militia |
| 30:17 | Build | Farm |
| 30:25 | Create | Villager (Male) |
| 30:26 | Create | Villager (Male) |
| 30:26 | Create | Villager (Male) |
| 31:29 | Create | Villager (Male) |
| 31:30 | Create | Villager (Male) |
| 31:30 | Create | Villager (Male) |
| 31:30 | Create | Villager (Male) |
| 31:31 | Create | Villager (Male) |
| 31:31 | Create | Villager (Male) |
| 31:31 | Create | Villager (Male) |
| 31:41 | Build | Farm |
| 31:41 | Build | Farm |
| 31:42 | Build | Farm |
| 31:42 | Build | Farm |
| 31:43 | Build | Farm |
| 31:43 | Build | Farm |
| 31:45 | Build | Farm |
| 31:46 | Build | Farm |
| 31:46 | Build | Farm |
| 31:47 | Build | Farm |
| 32:08 | Build | Stone Wall |
| 32:20 | Build | Stone Wall |
| 32:41 | Create | Villager (Male) |
| 32:41 | Create | Villager (Male) |
| 32:42 | Create | Villager (Male) |
| 32:42 | Create | Villager (Male) |
| 32:57 | Build | Town Center |
| 33:14 | Build | Gate |
| 33:29 | Build | Stone Wall |
Build order — melanie0523
First 150 of 324 actions detected
| 0:43 | Research | Loom |
| 0:43 | Create | Villager (Male) ×4 |
| 0:44 | Create | Villager (Male) ×4 |
| 0:51 | Build | House |
| 0:52 | Build | House |
| 0:54 | Build | House |
| 0:56 | Build | House |
| 1:15 | Build | Mill |
| 3:07 | Build | Lumber Camp |
| 3:21 | Create | Villager (Male) |
| 3:21 | Create | Villager (Male) |
| 4:05 | Create | Villager (Male) |
| 5:03 | Create | Villager (Male) |
| 6:01 | Create | Villager (Male) |
| 6:01 | Create | Villager (Male) |
| 6:01 | Create | Villager (Male) |
| 6:18 | Build | Barracks |
| 6:38 | Create | Villager (Male) |
| 7:10 | Build | House |
| 7:11 | Build | House |
| 7:13 | Build | House |
| 7:48 | Create | Villager (Male) ×3 |
| 8:54 | Build | Mining Camp |
| 9:02 | Create | Villager (Male) |
| 9:02 | Create | Villager (Male) |
| 9:02 | Create | Villager (Male) |
| 9:23 | Create | Villager (Male) ×4 |
| 9:39 | Build | Lumber Camp |
| 11:00 | Research | Feudal Age |
| 11:10 | Build | Mining Camp |
| 11:48 | Create | Villager (Male) ×2 |
| 11:48 | Create | Villager (Male) ×2 |
| 12:08 | Create | Villager (Male) |
| 12:23 | Build | House |
| 12:25 | Build | House |
| 12:28 | Build | House |
| 13:10 | Age | Feudal Age |
| 13:15 | Build | Market |
| 13:45 | Build | Blacksmith |
| 14:13 | Research | Gold Mining |
| 14:42 | Create | Trade Cart |
| 15:21 | Research | Stone Mining |
| 15:35 | Build | Stone Wall |
| 15:42 | Build | Gate |
| 15:52 | Build | Stone Wall |
| 15:56 | Build | Stone Wall |
| 16:10 | Research | Town Watch |
| 16:14 | Research | Wheelbarrow |
| 16:30 | Research | Double-Bit Axe |
| 16:40 | Build | Farm |
| 16:48 | Build | Farm |
| 17:00 | Build | Farm |
| 17:02 | Create | Villager (Male) ×2 |
| 17:13 | Create | Trade Cart ×2 |
| 17:36 | Build | Farm |
| 17:40 | Create | Villager (Male) |
| 18:11 | Build | Stable |
| 18:29 | Build | House |
| 18:31 | Build | House |
| 18:32 | Build | House |
| 18:34 | Build | House |
| 18:45 | Research | Padded Archer Armor |
| 19:07 | Build | Lumber Camp |
| 19:11 | Create | Villager (Male) |
| 19:33 | Create | Villager (Male) |
| 19:49 | Create | Trade Cart |
| 19:56 | Build | Farm |
| 20:01 | Create | Villager (Male) |
| 20:27 | Create | Trade Cart |
| 20:36 | Build | Farm |
| 20:50 | Build | Farm |
| 20:59 | Build | Farm |
| 21:03 | Research | Fletching |
| 21:08 | Create | Villager (Male) |
| 21:22 | Create | Trade Cart |
| 21:31 | Create | Villager (Male) |
| 22:06 | Build | Archery Range |
| 22:11 | Create | Scout Cavalry |
| 22:18 | Create | Villager (Male) |
| 22:41 | Build | Farm |
| 23:18 | Build | Stable |
| 23:44 | Build | Gate |
| 23:50 | Build | Stone Wall |
| 23:54 | Build | Gate |
| 23:59 | Build | Stone Wall |
| 24:09 | Build | Stone Wall |
| 24:13 | Build | Gate |
| 24:22 | Build | Stone Wall |
| 24:32 | Research | Wheelbarrow |
| 24:35 | Create | Villager (Male) |
| 24:35 | Create | Villager (Male) |
| 24:35 | Create | Villager (Male) |
| 24:35 | Create | Villager (Male) |
| 25:02 | Build | Archery Range |
| 25:06 | Create | Scout Cavalry |
| 25:07 | Create | Scout Cavalry |
| 25:07 | Create | Scout Cavalry |
| 26:00 | Build | Dock |
| 26:02 | Build | Dock |
| 26:09 | Build | Archery Range |
| 26:10 | Build | Archery Range |
| 26:50 | Research | Castle Age |
| 27:17 | Create | Skirmisher ×4 |
| 27:17 | Create | Skirmisher ×4 |
| 27:22 | Create | Fishing Ship ×4 |
| 27:22 | Create | Fishing Ship ×4 |
| 27:56 | Create | Villager (Male) ×3 |
| 28:03 | Create | Trade Cart |
| 28:03 | Create | Trade Cart |
| 28:20 | Research | Scale Barding Armor |
| 28:37 | Create | Fishing Ship ×2 |
| 29:23 | Create | Trade Cog |
| 29:24 | Create | Trade Cog |
| 29:24 | Create | Trade Cog |
| 29:30 | Age | Castle Age |
| 29:39 | Create | Villager (Male) ×5 |
| 29:39 | Create | Villager (Male) ×3 |
| 30:06 | Research | Crossbowman (upgrade) |
| 30:25 | Build | Farm |
| 30:32 | Build | Farm |
| 31:24 | Build | Town Center |
| 31:42 | Research | Bodkin Arrow |
| 31:43 | Research | Leather Archer Armor |
| 31:53 | Create | Trade Cog |
| 32:29 | Build | University |
| 32:37 | Research | Gold Shaft Mining |
| 32:40 | Create | Villager (Male) ×5 |
| 32:40 | Create | Villager (Male) ×5 |
| 32:41 | Create | Villager (Male) ×3 |
| 33:01 | Research | Bow Saw |
| 33:14 | Create | Knight |
| 33:14 | Create | Knight |
| 33:27 | Build | Farm |
| 33:33 | Build | Castle |
| 33:46 | Build | Farm |
| 33:53 | Build | Mill |
| 33:58 | Build | Farm |
| 34:12 | Create | Fishing Ship |
| 34:28 | Build | Farm |
| 34:31 | Create | Villager (Male) ×5 |
| 34:31 | Create | Villager (Male) ×3 |
| 34:48 | Create | Villager (Male) ×5 |
| 34:48 | Create | Villager (Male) ×5 |
| 35:14 | Build | Siege Workshop |
| 35:20 | Build | Siege Workshop |
| 35:27 | Research | Husbandry |
| 35:37 | Build | Farm |
| 35:46 | Research | Fortified Wall (upgrade) |
| 35:50 | Research | Ballistics |
| 36:28 | Research | Caravan |
Build order — NorWarHero6319
First 150 of 507 actions detected
| 0:04 | Create | Villager (Male) |
| 0:04 | Create | Villager (Male) |
| 0:04 | Create | Villager (Male) |
| 0:05 | Create | Villager (Male) |
| 0:05 | Create | Villager (Male) |
| 0:05 | Create | Villager (Male) |
| 0:07 | Research | Loom |
| 0:14 | Build | House |
| 0:48 | Build | House |
| 1:20 | Build | House |
| 1:48 | Create | Villager (Male) |
| 1:48 | Create | Villager (Male) |
| 1:58 | Build | House |
| 2:28 | Create | Villager (Male) |
| 3:00 | Create | Villager (Male) |
| 3:00 | Create | Villager (Male) |
| 3:00 | Create | Villager (Male) |
| 3:14 | Create | Villager (Male) |
| 3:14 | Create | Villager (Male) |
| 3:31 | Create | Villager (Male) |
| 3:31 | Create | Villager (Male) |
| 3:57 | Create | Villager (Male) |
| 3:57 | Create | Villager (Male) |
| 4:13 | Create | Villager (Male) |
| 4:13 | Create | Villager (Male) |
| 4:14 | Create | Villager (Male) |
| 4:51 | Build | Mill |
| 4:59 | Create | Villager (Male) |
| 4:59 | Create | Villager (Male) |
| 5:18 | Create | Villager (Male) |
| 5:18 | Create | Villager (Male) |
| 5:18 | Create | Villager (Male) |
| 5:44 | Create | Villager (Male) |
| 6:21 | Create | Villager (Male) |
| 6:21 | Create | Villager (Male) |
| 7:20 | Create | Villager (Male) |
| 7:57 | Build | Lumber Camp |
| 8:17 | Create | Villager (Male) |
| 8:39 | Create | Villager (Male) |
| 8:57 | Research | Feudal Age |
| 10:28 | Build | House |
| 11:14 | Build | House |
| 11:29 | Research | Double-Bit Axe |
| 11:33 | Research | Horse Collar |
| 11:37 | Create | Villager (Male) |
| 11:37 | Create | Villager (Male) |
| 11:37 | Create | Villager (Male) |
| 11:38 | Create | Villager (Male) |
| 11:38 | Create | Villager (Male) |
| 11:38 | Create | Villager (Male) |
| 11:38 | Create | Villager (Male) |
| 11:38 | Create | Villager (Male) |
| 11:39 | Create | Villager (Male) |
| 11:39 | Create | Villager (Male) |
| 11:51 | Build | House |
| 12:28 | Build | Farm |
| 12:36 | Build | Mining Camp |
| 12:53 | Build | Farm |
| 13:00 | Build | Farm |
| 13:10 | Build | Farm |
| 13:18 | Build | Farm |
| 13:45 | Build | Farm |
| 13:51 | Build | Farm |
| 14:11 | Build | Farm |
| 14:26 | Build | Farm |
| 14:38 | Build | Farm |
| 14:50 | Build | Farm |
| 14:55 | Create | Villager (Male) |
| 14:55 | Create | Villager (Male) |
| 14:56 | Create | Villager (Male) |
| 15:33 | Build | Barracks |
| 15:43 | Build | Farm |
| 15:48 | Create | Villager (Male) |
| 16:03 | Build | Farm |
| 16:21 | Build | Blacksmith |
| 17:02 | Build | Archery Range |
| 17:09 | Create | Villager (Male) |
| 17:36 | Research | Castle Age |
| 17:48 | Research | Man-at-Arms (upgrade) |
| 17:50 | Create | Militia |
| 17:50 | Create | Militia |
| 17:50 | Create | Militia |
| 18:01 | Create | Archer |
| 18:01 | Create | Archer |
| 18:02 | Create | Archer |
| 18:02 | Create | Archer |
| 18:12 | Build | Farm |
| 18:20 | Build | House |
| 19:00 | Build | Stone Wall |
| 19:23 | Build | Stone Wall |
| 19:49 | Research | Forging |
| 19:50 | Research | Scale Mail Armor |
| 19:51 | Research | Scale Barding Armor |
| 20:07 | Build | House |
| 20:21 | Research | Bow Saw |
| 20:25 | Research | Heavy Plow |
| 20:30 | Create | Villager (Male) |
| 20:30 | Create | Villager (Male) |
| 20:31 | Create | Villager (Male) |
| 20:31 | Create | Villager (Male) |
| 20:40 | Build | House |
| 20:49 | Build | House |
| 21:08 | Build | Mining Camp |
| 21:19 | Create | Villager (Male) |
| 21:20 | Create | Villager (Male) |
| 21:20 | Create | Villager (Male) |
| 21:45 | Build | Farm |
| 21:56 | Create | Villager (Male) |
| 21:57 | Create | Villager (Male) |
| 21:57 | Create | Villager (Male) |
| 22:05 | Research | Gold Mining |
| 22:30 | Research | Stone Mining |
| 22:38 | Build | Farm |
| 22:54 | Build | Town Center |
| 23:26 | Build | Dock |
| 23:41 | Research | Long Swordsman (upgrade) |
| 23:42 | Create | Militia |
| 23:42 | Create | Militia |
| 23:42 | Create | Militia |
| 24:01 | Create | Villager (Male) |
| 24:01 | Create | Villager (Male) |
| 24:35 | Build | University |
| 24:48 | Build | Farm |
| 24:54 | Research | Tech 906 |
| 24:55 | Create | Fishing Ship |
| 24:56 | Create | Fishing Ship |
| 24:56 | Create | Fishing Ship |
| 24:57 | Create | Fishing Ship |
| 24:57 | Create | Fishing Ship |
| 25:01 | Build | Farm |
| 25:08 | Build | Farm |
| 25:15 | Build | Farm |
| 25:22 | Build | Farm |
| 25:35 | Build | Farm |
| 25:48 | Build | Siege Workshop |
| 25:57 | Build | Farm |
| 26:10 | Research | Gillnets |
| 26:18 | Build | Farm |
| 26:40 | Research | Careening |
| 26:42 | Research | Tech 908 |
| 27:14 | Research | Crossbowman (upgrade) |
| 27:15 | Create | Archer |
| 27:15 | Create | Archer |
| 27:15 | Create | Archer |
| 27:15 | Create | Archer |
| 27:42 | Build | House |
| 28:07 | Research | Wheelbarrow |
| 28:10 | Create | Villager (Male) |
| 28:10 | Create | Villager (Male) |
| 28:11 | Create | Villager (Male) |
Build order — GRaFa
First 150 of 402 actions detected
| 0:04 | Build | House |
| 0:05 | Create | Villager (Male) |
| 0:06 | Create | Villager (Male) |
| 0:06 | Create | Villager (Male) |
| 0:06 | Create | Villager (Male) |
| 0:06 | Create | Villager (Male) |
| 0:08 | Build | House |
| 1:31 | Create | Villager (Male) |
| 2:07 | Create | Villager (Male) |
| 2:07 | Create | Villager (Male) |
| 2:18 | Build | Lumber Camp |
| 2:28 | Create | Villager (Male) |
| 2:58 | Create | Villager (Male) |
| 2:58 | Create | Villager (Male) |
| 3:31 | Create | Villager (Male) |
| 3:42 | Build | Mill |
| 3:50 | Create | Villager (Male) |
| 4:04 | Build | House |
| 4:13 | Create | Villager (Male) |
| 4:49 | Create | Villager (Male) |
| 5:04 | Build | House |
| 5:10 | Create | Villager (Male) |
| 5:40 | Create | Villager (Male) |
| 5:53 | Build | Barracks |
| 6:04 | Build | Palisade Wall |
| 6:14 | Create | Villager (Male) |
| 6:40 | Create | Villager (Male) |
| 6:48 | Research | Loom |
| 7:18 | Create | Villager (Male) |
| 7:18 | Create | Villager (Male) |
| 7:19 | Create | Villager (Male) |
| 7:33 | Build | House |
| 7:55 | Build | Palisade Wall |
| 8:11 | Create | Villager (Male) |
| 8:51 | Build | Palisade Wall |
| 9:03 | Build | House |
| 9:39 | Research | Feudal Age |
| 9:56 | Build | House |
| 10:27 | Create | Villager (Male) |
| 11:49 | Age | Feudal Age |
| 11:53 | Build | Blacksmith |
| 11:55 | Research | Double-Bit Axe |
| 11:58 | Create | Villager (Male) |
| 12:20 | Build | Mill |
| 12:30 | Create | Villager (Male) |
| 12:36 | Build | Archery Range |
| 12:49 | Build | Palisade Wall |
| 12:56 | Create | Villager (Male) |
| 13:07 | Create | Villager (Male) |
| 13:12 | Research | Horse Collar |
| 13:57 | Build | House |
| 14:09 | Build | Market |
| 14:22 | Build | Mining Camp |
| 14:24 | Create | Villager (Male) |
| 14:40 | Create | Spearman |
| 15:03 | Create | Villager (Male) |
| 15:24 | Build | Palisade Wall |
| 15:26 | Build | Palisade Wall |
| 15:28 | Build | Palisade Wall |
| 15:34 | Build | Farm |
| 15:34 | Build | Farm |
| 15:34 | Build | Farm |
| 15:34 | Build | Farm |
| 15:36 | Build | Farm |
| 15:38 | Build | Farm |
| 15:39 | Build | Farm |
| 15:42 | Build | Farm |
| 15:44 | Build | Farm |
| 16:15 | Build | Farm |
| 16:20 | Research | Castle Age |
| 16:35 | Build | Farm |
| 16:40 | Build | Farm |
| 17:21 | Research | Stone Mining |
| 18:13 | Build | Palisade Gate |
| 18:19 | Create | Villager (Male) |
| 19:00 | Age | Castle Age |
| 19:09 | Build | Town Center |
| 19:11 | Create | Villager (Male) |
| 19:12 | Create | Villager (Male) |
| 19:12 | Create | Villager (Male) |
| 19:13 | Research | Wheelbarrow |
| 19:32 | Research | Bow Saw |
| 19:47 | Create | Villager (Male) |
| 19:52 | Build | Dock |
| 20:53 | Create | Villager (Male) |
| 20:54 | Create | Villager (Male) |
| 21:31 | Create | Villager (Male) |
| 21:42 | Create | Villager (Male) |
| 21:42 | Create | Villager (Male) |
| 22:26 | Build | Castle |
| 22:51 | Build | Stone Wall |
| 23:23 | Create | Villager (Male) |
| 23:24 | Research | Hand Cart |
| 23:25 | Create | Villager (Male) |
| 23:26 | Create | Villager (Male) |
| 23:31 | Build | Farm |
| 23:35 | Build | Farm |
| 23:36 | Create | Villager (Male) |
| 23:36 | Create | Villager (Male) |
| 24:47 | Create | Villager (Male) |
| 24:57 | Build | University |
| 25:07 | Build | Town Center |
| 25:11 | Create | Villager (Male) |
| 25:12 | Create | Villager (Male) |
| 25:40 | Build | Farm |
| 25:44 | Research | Gold Mining |
| 25:54 | Research | Murder Holes |
| 26:06 | Create | Villager (Male) |
| 26:06 | Create | Villager (Male) |
| 26:07 | Create | Villager (Male) |
| 26:19 | Create | Gbeto |
| 26:21 | Create | Gbeto |
| 26:21 | Create | Gbeto |
| 27:36 | Create | Gbeto |
| 27:37 | Create | Gbeto |
| 27:38 | Create | Villager (Male) |
| 27:39 | Create | Villager (Male) |
| 27:39 | Create | Villager (Male) |
| 27:39 | Create | Villager (Male) |
| 29:33 | Build | Castle |
| 29:36 | Create | Villager (Male) |
| 29:38 | Create | Villager (Male) |
| 29:46 | Research | Crossbowman (upgrade) |
| 29:47 | Research | Thumb Ring |
| 29:52 | Research | Fletching |
| 29:57 | Research | Ballistics |
| 30:07 | Create | Villager (Male) |
| 30:07 | Create | Villager (Male) |
| 30:13 | Build | House |
| 30:22 | Create | Trade Cart |
| 30:27 | Build | Farm |
| 30:37 | Create | Fishing Ship |
| 30:37 | Create | Fishing Ship |
| 30:48 | Build | Farm |
| 30:54 | Build | House |
| 30:59 | Build | Outpost |
| 31:04 | Build | Outpost |
| 31:15 | Create | Archer |
| 31:16 | Create | Archer |
| 31:16 | Create | Archer |
| 31:26 | Build | Farm |
| 31:30 | Create | Villager (Male) |
| 31:31 | Create | Villager (Male) |
| 31:31 | Create | Villager (Male) |
| 31:35 | Build | Mill |
| 31:37 | Build | Farm |
| 31:37 | Build | Farm |
| 31:39 | Build | Farm |
| 31:42 | Build | Farm |
| 32:14 | Build | Farm |
Build order — LabChap
First 150 of 606 actions detected
| 0:05 | Create | Villager (Male) |
| 0:07 | Research | Loom |
| 0:09 | Create | Villager (Male) |
| 0:09 | Create | Villager (Male) |
| 0:13 | Build | House |
| 0:14 | Build | House |
| 0:17 | Build | House |
| 0:20 | Build | House |
| 1:24 | Create | Villager (Male) |
| 1:53 | Create | Villager (Male) |
| 2:38 | Create | Villager (Male) |
| 2:38 | Create | Villager (Male) |
| 3:06 | Create | Villager (Male) |
| 3:06 | Create | Villager (Male) |
| 3:28 | Create | Villager (Male) |
| 3:50 | Create | Villager (Male) |
| 4:16 | Build | Settlement |
| 4:28 | Create | Villager (Male) |
| 4:51 | Create | Villager (Male) |
| 5:19 | Create | Villager (Male) |
| 5:24 | Create | Villager (Male) |
| 6:02 | Create | Villager (Male) |
| 6:47 | Create | Villager (Male) |
| 6:48 | Create | Villager (Male) |
| 6:48 | Create | Villager (Male) |
| 7:18 | Build | Settlement |
| 7:24 | Create | Villager (Male) |
| 8:09 | Create | Villager (Male) |
| 8:10 | Create | Villager (Male) |
| 8:10 | Create | Villager (Male) |
| 9:57 | Create | Villager (Male) |
| 9:58 | Create | Villager (Male) |
| 11:12 | Create | Villager (Male) |
| 11:22 | Research | Feudal Age |
| 12:20 | Build | Settlement |
| 12:53 | Build | Palisade Wall |
| 12:59 | Build | Palisade Wall |
| 13:15 | Build | Palisade Wall |
| 13:19 | Build | Palisade Wall |
| 13:41 | Create | Villager (Male) |
| 13:41 | Create | Villager (Male) |
| 13:47 | Age | Feudal Age |
| 14:25 | Research | Horse Collar |
| 14:26 | Research | Double-Bit Axe |
| 14:58 | Build | Settlement |
| 15:02 | Create | Villager (Male) |
| 15:02 | Create | Villager (Male) |
| 15:02 | Create | Villager (Male) |
| 15:03 | Create | Villager (Male) |
| 15:41 | Research | Gold Mining |
| 16:04 | Build | Farm |
| 16:05 | Build | Farm |
| 16:05 | Build | Farm |
| 16:05 | Build | Farm |
| 16:05 | Build | Farm |
| 16:06 | Build | Farm |
| 16:06 | Build | Farm |
| 16:10 | Build | Farm |
| 16:34 | Build | Farm |
| 16:35 | Build | Farm |
| 16:38 | Build | Farm |
| 16:44 | Create | Villager (Male) |
| 16:44 | Create | Villager (Male) |
| 16:44 | Create | Villager (Male) |
| 17:26 | Build | Stone Wall |
| 17:35 | Build | Palisade Gate |
| 17:42 | Create | Villager (Male) |
| 17:42 | Create | Villager (Male) |
| 18:40 | Build | Blacksmith |
| 18:50 | Build | Market |
| 18:57 | Create | Villager (Male) |
| 18:58 | Create | Villager (Male) |
| 18:58 | Create | Villager (Male) |
| 18:58 | Create | Villager (Male) |
| 19:29 | Build | Stone Wall |
| 19:36 | Build | Gate |
| 19:56 | Build | Stone Wall |
| 20:27 | Research | Castle Age |
| 20:50 | Build | Barracks |
| 20:52 | Build | Barracks |
| 20:54 | Build | Barracks |
| 20:56 | Build | Barracks |
| 20:57 | Build | Barracks |
| 21:04 | Research | Scale Mail Armor |
| 21:05 | Research | Forging |
| 21:19 | Research | Gold Mining |
| 22:03 | Research | Tech 1402 |
| 22:40 | Research | Stone Mining |
| 22:54 | Create | Unit 2550 |
| 22:54 | Create | Unit 2550 |
| 22:55 | Create | Unit 2550 |
| 23:10 | Create | Villager (Male) |
| 23:10 | Create | Villager (Male) |
| 23:17 | Age | Castle Age |
| 23:45 | Build | Siege Workshop |
| 23:48 | Build | Siege Workshop |
| 23:53 | Build | Castle |
| 23:58 | Create | Villager (Male) |
| 23:58 | Create | Villager (Male) |
| 23:59 | Create | Villager (Male) |
| 24:39 | Build | Town Center |
| 24:43 | Create | Villager (Male) |
| 24:50 | Create | Battering Ram |
| 24:50 | Create | Battering Ram |
| 24:50 | Create | Battering Ram |
| 24:51 | Create | Battering Ram |
| 24:59 | Research | Tech 1351 |
| 25:21 | Create | Unit 2550 |
| 25:21 | Create | Unit 2550 |
| 25:21 | Create | Unit 2550 |
| 25:39 | Create | Unit 2550 |
| 25:43 | Create | Unit 2550 |
| 25:44 | Create | Unit 2550 |
| 26:03 | Build | Farm |
| 26:03 | Build | Farm |
| 26:03 | Build | Farm |
| 26:04 | Build | Farm |
| 26:04 | Build | Farm |
| 26:04 | Build | Farm |
| 26:05 | Build | Farm |
| 26:05 | Build | Farm |
| 26:11 | Research | Heavy Plow |
| 26:12 | Research | Bow Saw |
| 26:20 | Create | Unit 2550 |
| 26:20 | Create | Unit 2550 |
| 26:21 | Create | Unit 2550 |
| 27:00 | Build | Farm |
| 27:00 | Build | Farm |
| 27:01 | Build | Farm |
| 27:01 | Build | Farm |
| 27:02 | Build | Farm |
| 27:05 | Build | Farm |
| 27:11 | Research | Wheelbarrow |
| 27:14 | Create | Villager (Male) |
| 27:14 | Create | Villager (Male) |
| 27:15 | Create | Villager (Male) |
| 27:15 | Create | Villager (Male) |
| 27:51 | Research | Iron Casting |
| 30:11 | Create | Villager (Male) |
| 30:11 | Create | Villager (Male) |
| 30:12 | Create | Villager (Male) |
| 30:12 | Create | Villager (Male) |
| 30:12 | Create | Villager (Male) |
| 30:16 | Research | Hand Cart |
| 30:22 | Build | House |
| 30:23 | Build | House |
| 30:24 | Build | House |
| 30:26 | Build | House |
| 30:28 | Build | House |
| 30:30 | Build | House |
Build order — webitos9958
First 150 of 225 actions detected
| 0:08 | Create | Villager (Male) |
| 0:08 | Create | Villager (Male) |
| 0:08 | Create | Villager (Male) |
| 0:09 | Create | Villager (Male) |
| 0:09 | Create | Villager (Male) |
| 0:22 | Build | House |
| 0:50 | Build | House |
| 0:51 | Build | House |
| 0:52 | Build | House |
| 1:45 | Create | Villager (Male) |
| 2:09 | Create | Villager (Male) |
| 2:51 | Create | Villager (Male) |
| 3:25 | Create | Villager (Male) |
| 3:50 | Create | Villager (Male) |
| 3:50 | Create | Villager (Male) |
| 4:44 | Create | Villager (Male) |
| 4:44 | Create | Villager (Male) |
| 4:45 | Create | Villager (Male) |
| 5:21 | Create | Villager (Male) |
| 6:15 | Create | Villager (Male) |
| 6:17 | Create | Villager (Male) |
| 6:41 | Create | Villager (Male) |
| 7:39 | Create | Villager (Male) |
| 7:39 | Create | Villager (Male) |
| 8:13 | Build | Palisade Wall |
| 8:24 | Build | Palisade Wall |
| 8:29 | Create | Villager (Male) |
| 8:32 | Create | Villager (Male) |
| 9:28 | Build | Lumber Camp |
| 9:59 | Build | Barracks |
| 10:08 | Build | Barracks |
| 10:15 | Create | Villager (Male) |
| 10:15 | Create | Villager (Male) |
| 10:50 | Build | Palisade Wall |
| 10:53 | Build | House |
| 11:23 | Research | Feudal Age |
| 12:00 | Build | Palisade Wall |
| 12:10 | Create | Villager (Male) |
| 12:10 | Create | Villager (Male) |
| 12:12 | Create | Villager (Male) |
| 13:04 | Build | Outpost |
| 14:04 | Build | Mill |
| 14:37 | Build | Mining Camp |
| 14:46 | Create | Villager (Male) |
| 14:56 | Build | House |
| 14:59 | Build | House |
| 15:21 | Create | Villager (Male) |
| 15:49 | Create | Villager (Male) |
| 17:22 | Create | Villager (Male) |
| 17:23 | Create | Villager (Male) |
| 17:38 | Build | Stable |
| 17:50 | Build | Stable |
| 18:05 | Build | Blacksmith |
| 18:23 | Build | Farm |
| 18:25 | Build | Farm |
| 18:26 | Build | Farm |
| 18:27 | Build | Farm |
| 18:28 | Build | Farm |
| 18:29 | Build | Farm |
| 18:31 | Build | Farm |
| 18:32 | Build | Farm |
| 18:35 | Build | Farm |
| 18:36 | Build | Farm |
| 18:38 | Build | Farm |
| 18:40 | Build | Farm |
| 18:41 | Build | Farm |
| 18:42 | Build | Farm |
| 18:44 | Build | Farm |
| 18:47 | Build | Farm |
| 18:57 | Research | Castle Age |
| 19:41 | Build | Mining Camp |
| 20:05 | Create | Villager (Male) |
| 20:05 | Create | Villager (Male) |
| 20:37 | Build | Market |
| 22:07 | Build | Town Center |
| 22:33 | Create | Villager (Male) |
| 22:34 | Create | Villager (Male) |
| 22:34 | Create | Villager (Male) |
| 22:34 | Create | Villager (Male) |
| 22:43 | Build | House |
| 22:45 | Build | House |
| 23:33 | Create | Villager (Male) |
| 23:33 | Create | Villager (Male) |
| 23:33 | Create | Villager (Male) |
| 23:34 | Create | Villager (Male) |
| 23:36 | Create | Villager (Male) |
| 23:50 | Create | Villager (Male) |
| 23:51 | Create | Villager (Male) |
| 24:42 | Build | Castle |
| 25:24 | Create | Knight |
| 25:24 | Create | Knight |
| 25:25 | Create | Knight |
| 25:25 | Create | Knight |
| 25:27 | Create | Knight |
| 25:28 | Create | Knight |
| 25:30 | Create | Villager (Male) |
| 25:30 | Create | Villager (Male) |
| 25:31 | Create | Villager (Male) |
| 25:31 | Create | Villager (Male) |
| 25:47 | Create | Villager (Male) |
| 26:22 | Build | Farm |
| 26:23 | Build | Farm |
| 26:24 | Build | Farm |
| 26:25 | Build | Farm |
| 26:27 | Build | Farm |
| 26:36 | Build | Mill |
| 27:06 | Create | Villager (Male) |
| 27:06 | Create | Villager (Male) |
| 27:07 | Create | Villager (Male) |
| 27:07 | Create | Villager (Male) |
| 27:08 | Create | Villager (Male) |
| 27:10 | Create | Villager (Male) |
| 27:10 | Create | Villager (Male) |
| 27:16 | Create | Villager (Male) |
| 27:16 | Create | Villager (Male) |
| 27:17 | Create | Villager (Male) |
| 27:33 | Create | Teutonic Knight |
| 27:33 | Create | Teutonic Knight |
| 27:34 | Create | Teutonic Knight |
| 27:34 | Create | Teutonic Knight |
| 28:03 | Build | Farm |
| 28:05 | Build | Farm |
| 28:07 | Build | Farm |
| 28:32 | Build | Farm |
| 28:50 | Research | Horse Collar |
| 28:52 | Build | Farm |
| 29:17 | Build | Farm |
| 29:19 | Build | Farm |
| 29:56 | Create | Villager (Male) |
| 29:56 | Create | Villager (Male) |
| 29:57 | Create | Villager (Male) |
| 30:06 | Build | House |
| 30:08 | Build | House |
| 30:09 | Build | House |
| 30:10 | Build | House |
| 30:17 | Create | Villager (Male) |
| 30:17 | Create | Villager (Male) |
| 30:18 | Create | Villager (Male) |
| 31:07 | Build | Siege Workshop |
| 31:12 | Build | Siege Workshop |
| 31:39 | Research | Imperial Age |
| 31:51 | Build | Farm |
| 31:53 | Build | Farm |
| 31:55 | Build | Farm |
| 32:02 | Build | Mill |
| 32:04 | Build | Farm |
| 32:09 | Create | Villager (Male) |
| 32:36 | Create | Villager (Male) |
| 32:37 | Create | Villager (Male) |
| 32:37 | Create | Villager (Male) |
Build order — svetoslavivanov1
First 150 of 306 actions detected
| 0:21 | Build | House |
| 0:22 | Build | House |
| 0:23 | Build | House |
| 0:24 | Build | House |
| 0:40 | Create | Villager (Male) |
| 0:40 | Create | Villager (Male) |
| 0:41 | Create | Villager (Male) |
| 0:41 | Create | Villager (Male) |
| 0:41 | Create | Villager (Male) |
| 0:43 | Research | Loom |
| 2:45 | Create | Villager (Male) |
| 2:46 | Create | Villager (Male) |
| 4:06 | Create | Villager (Male) |
| 4:07 | Create | Villager (Male) |
| 4:07 | Create | Villager (Male) |
| 5:03 | Build | Lumber Camp |
| 5:26 | Create | Villager (Male) |
| 5:26 | Create | Villager (Male) |
| 5:26 | Create | Villager (Male) |
| 5:44 | Build | Mill |
| 6:50 | Create | Villager (Male) |
| 6:50 | Create | Villager (Male) |
| 6:51 | Create | Villager (Male) |
| 6:51 | Create | Villager (Male) |
| 7:29 | Build | Mining Camp |
| 8:46 | Create | Villager (Male) |
| 8:46 | Create | Villager (Male) |
| 8:47 | Create | Villager (Male) |
| 10:08 | Create | Villager (Male) |
| 10:39 | Build | House |
| 10:41 | Build | House |
| 10:42 | Build | House |
| 11:26 | Research | Feudal Age |
| 13:36 | Age | Feudal Age |
| 13:50 | Build | Blacksmith |
| 13:57 | Build | Market |
| 14:22 | Build | Farm |
| 14:26 | Build | Farm |
| 14:29 | Build | Farm |
| 14:32 | Build | Farm |
| 14:48 | Create | Villager (Male) |
| 14:48 | Create | Villager (Male) |
| 14:54 | Research | Double-Bit Axe |
| 14:58 | Research | Horse Collar |
| 16:29 | Build | Mining Camp |
| 17:02 | Build | House |
| 17:03 | Build | House |
| 17:06 | Build | House |
| 17:07 | Build | House |
| 17:09 | Build | House |
| 17:24 | Research | Castle Age |
| 19:27 | Create | Trade Cart |
| 20:04 | Age | Castle Age |
| 20:12 | Create | Villager (Male) |
| 20:13 | Create | Villager (Male) |
| 20:13 | Create | Villager (Male) |
| 20:13 | Create | Villager (Male) |
| 20:14 | Create | Villager (Male) |
| 20:23 | Build | Town Center |
| 20:41 | Build | University |
| 20:52 | Build | Town Center |
| 21:09 | Build | Town Center |
| 21:21 | Build | Farm |
| 21:26 | Build | Farm |
| 21:29 | Build | Farm |
| 21:33 | Build | Farm |
| 21:43 | Build | Farm |
| 22:21 | Build | Castle |
| 22:43 | Create | Villager (Male) |
| 22:43 | Create | Villager (Male) |
| 22:44 | Create | Villager (Male) |
| 22:44 | Create | Villager (Male) |
| 22:45 | Create | Villager (Male) |
| 23:19 | Create | Villager (Male) |
| 23:19 | Create | Villager (Male) |
| 23:19 | Create | Villager (Male) |
| 23:20 | Create | Villager (Male) |
| 23:20 | Create | Villager (Male) |
| 23:20 | Create | Villager (Male) |
| 23:21 | Create | Villager (Male) |
| 23:22 | Create | Villager (Male) |
| 23:22 | Create | Villager (Male) |
| 23:24 | Create | Villager (Male) |
| 23:42 | Create | Villager (Male) |
| 23:42 | Create | Villager (Male) |
| 23:48 | Build | Farm |
| 23:56 | Build | Farm |
| 24:19 | Build | Barracks |
| 24:28 | Build | Farm |
| 24:38 | Create | Villager (Male) |
| 24:38 | Create | Villager (Male) |
| 24:41 | Create | Villager (Male) |
| 24:44 | Create | Villager (Male) |
| 24:51 | Build | Farm |
| 24:54 | Build | Farm |
| 25:04 | Build | Farm |
| 25:07 | Build | Farm |
| 25:33 | Build | Farm |
| 25:38 | Build | Farm |
| 25:53 | Build | Archery Range |
| 26:03 | Build | Farm |
| 26:10 | Build | Farm |
| 26:16 | Build | House |
| 26:17 | Build | House |
| 26:18 | Build | House |
| 26:19 | Build | House |
| 26:32 | Build | Farm |
| 26:50 | Create | Villager (Male) |
| 26:51 | Create | Villager (Male) |
| 26:51 | Create | Villager (Male) |
| 26:52 | Create | Villager (Male) |
| 26:53 | Create | Villager (Male) |
| 26:53 | Create | Villager (Male) |
| 27:00 | Create | Villager (Male) |
| 27:01 | Create | Villager (Male) |
| 27:01 | Create | Villager (Male) |
| 27:01 | Create | Villager (Male) |
| 27:28 | Build | Archery Range |
| 27:39 | Research | Wheelbarrow |
| 27:48 | Research | Gold Mining |
| 28:29 | Create | Villager (Male) |
| 28:29 | Create | Villager (Male) |
| 28:29 | Create | Villager (Male) |
| 28:30 | Create | Villager (Male) |
| 28:30 | Create | Villager (Male) |
| 28:31 | Create | Villager (Male) |
| 28:34 | Create | Villager (Male) |
| 28:34 | Create | Villager (Male) |
| 29:03 | Build | Mill |
| 29:07 | Build | Farm |
| 29:10 | Build | Farm |
| 29:24 | Build | Farm |
| 29:28 | Build | Farm |
| 29:59 | Build | Farm |
| 30:05 | Build | Farm |
| 30:11 | Build | Farm |
| 30:27 | Build | Farm |
| 30:32 | Build | Farm |
| 30:39 | Build | House |
| 30:40 | Build | House |
| 30:41 | Build | House |
| 30:52 | Research | Imperial Age |
| 31:09 | Create | Villager (Male) |
| 31:10 | Create | Villager (Male) |
| 31:10 | Create | Villager (Male) |
| 31:10 | Create | Villager (Male) |
| 31:11 | Create | Villager (Male) |
| 31:29 | Create | Trade Cart |
| 31:30 | Create | Trade Cart |
| 31:30 | Create | Trade Cart |
Match timeline
| 5:53 | GRaFa · first_building Barracks |
| 6:04 | GRaFa · wall_segment Palisade Wall x25 |
| 6:18 | melanie0523 · first_building Barracks |
| 7:55 | GRaFa · wall_segment Palisade Wall x13 |
| 8:13 | webitos9958 · wall_segment Palisade Wall x32 |
| 8:24 | webitos9958 · wall_segment Palisade Wall x32 |
| 8:51 | GRaFa · wall_segment Palisade Wall x24 |
| 9:59 | webitos9958 · first_building Barracks |
| 10:50 | webitos9958 · wall_segment Palisade Wall x24 |
| 10:54 | mat13bg · age_up feudal |
| 11:49 | GRaFa · age_up feudal |
| 12:00 | webitos9958 · wall_segment Palisade Wall x12 |
| 12:26 | dddddeano · age_up feudal |
| 12:33 | dddddeano · first_building Barracks |
| 12:36 | GRaFa · first_building Archery Range |
| 12:49 | GRaFa · wall_segment Palisade Wall x21 |
| 12:51 | dddddeano · wall_segment Stone Wall x13 |
| 12:53 | LabChap · wall_segment Palisade Wall x6 |
| 12:58 | dddddeano · wall_segment Stone Wall x12 |
| 12:59 | LabChap · wall_segment Palisade Wall x2 |
| 13:02 | mat13bg · wall_segment Stone Wall x3 |
| 13:10 | melanie0523 · age_up feudal |
| 13:15 | LabChap · wall_segment Palisade Wall x20 |
| 13:19 | LabChap · wall_segment Palisade Wall x7 |
| 13:33 | dddddeano · first_building Stable |
| 13:36 | svetoslavivanov1 · age_up feudal |
| 13:47 | LabChap · age_up feudal |
| 15:24 | GRaFa · wall_segment Palisade Wall x2 |
| 15:26 | GRaFa · wall_segment Palisade Wall x1 |
| 15:28 | GRaFa · wall_segment Palisade Wall x16 |
| 15:33 | NorWarHero6319 · first_building Barracks |
| 15:35 | melanie0523 · wall_segment Stone Wall x17 |
| 15:41 | dddddeano · wall_segment Stone Wall x9 |
| 15:52 | melanie0523 · wall_segment Stone Wall x9 |
| 15:56 | melanie0523 · wall_segment Stone Wall x10 |
| 16:39 | dddddeano · first_market_sell 100 wood |
| 16:44 | dddddeano · first_market_buy 100 food |
| 17:02 | NorWarHero6319 · first_building Archery Range |
| 17:15 | dddddeano · wall_segment Stone Wall x12 |
| 17:26 | LabChap · wall_segment Stone Wall x1 |
| 17:38 | webitos9958 · first_building Stable |
| 18:00 | mat13bg · first_building Barracks |
| 18:11 | melanie0523 · first_building Stable |
| 19:00 | NorWarHero6319 · wall_segment Stone Wall x17 |
| 19:00 | GRaFa · age_up castle |
| 19:23 | NorWarHero6319 · wall_segment Stone Wall x14 |
| 19:29 | LabChap · wall_segment Stone Wall x5 |
| 19:41 | dddddeano · wall_segment Stone Wall x10 |
| 19:42 | mat13bg · first_building Archery Range |
| 19:44 | dddddeano · age_up castle |
| 19:52 | GRaFa · first_building Dock |
| 19:56 | LabChap · wall_segment Stone Wall x22 |
| 20:04 | svetoslavivanov1 · age_up castle |
| 20:29 | mat13bg · age_up castle |
| 20:50 | LabChap · first_building Barracks |
| 21:00 | dddddeano · wall_segment Stone Wall x32 |
| 21:14 | mat13bg · first_building Dock |
| 22:06 | melanie0523 · first_building Archery Range |
| 22:08 | dddddeano · wall_segment Stone Wall x10 |
| 22:21 | svetoslavivanov1 · first_building Castle |
| 22:26 | GRaFa · first_building Castle |
| 22:40 | mat13bg · first_building Siege Workshop |
| 22:51 | GRaFa · wall_segment Stone Wall x1 |
| 23:17 | LabChap · age_up castle |
| 23:26 | NorWarHero6319 · first_building Dock |
| 23:45 | LabChap · first_building Siege Workshop |
| 23:50 | melanie0523 · wall_segment Stone Wall x9 |
| 23:53 | LabChap · first_building Castle |
| 23:59 | melanie0523 · wall_segment Stone Wall x4 |
| 24:09 | melanie0523 · wall_segment Stone Wall x16 |
| 24:19 | svetoslavivanov1 · first_building Barracks |
| 24:22 | melanie0523 · wall_segment Stone Wall x11 |
| 24:36 | dddddeano · first_building Siege Workshop |
| 24:42 | webitos9958 · first_building Castle |
| 25:29 | LabChap · first_market_sell 100 wood |
| 25:48 | NorWarHero6319 · first_building Siege Workshop |
| 25:48 | mat13bg · wall_segment Stone Wall x2 |
| 25:53 | LabChap · first_market_buy 100 food |
| 25:53 | svetoslavivanov1 · first_building Archery Range |
| 26:00 | melanie0523 · first_building Dock |
| 27:37 | mat13bg · wall_segment Stone Wall x3 |
| 27:53 | mat13bg · first_building Castle |
| 28:37 | mat13bg · first_building Monastery |
| 29:01 | mat13bg · wall_segment Stone Wall x8 |
| 29:20 | mat13bg · wall_segment Stone Wall x2 |
| 29:30 | melanie0523 · age_up castle |
| 31:07 | webitos9958 · first_building Siege Workshop |
| 32:08 | dddddeano · wall_segment Stone Wall x1 |
| 32:20 | dddddeano · wall_segment Stone Wall x28 |
| 32:21 | NorWarHero6319 · first_building Castle |
| 33:02 | mat13bg · age_up imperial |
| 33:29 | dddddeano · wall_segment Stone Wall x19 |
| 33:33 | melanie0523 · first_building Castle |
| 34:02 | svetoslavivanov1 · age_up imperial |
| 34:48 | LabChap · first_building Monastery |
| 35:14 | melanie0523 · first_building Siege Workshop |
| 36:20 | dddddeano · wall_segment Stone Wall x1 |
| 38:44 | LabChap · first_building Archery Range |
| 39:02 | dddddeano · wall_segment Stone Wall x11 |
| 40:50 | GRaFa · wall_segment Stone Wall x7 |
| 40:59 | GRaFa · age_up imperial |
| 41:24 | svetoslavivanov1 · tribute_sent a jugador 1 |
| 41:24 | svetoslavivanov1 · tribute_sent a jugador 2 |
| 41:24 | svetoslavivanov1 · tribute_sent a jugador 3 |
| 41:24 | svetoslavivanov1 · tribute_sent a jugador 4 |
| 41:24 | svetoslavivanov1 · tribute_sent a jugador 5 |
| 41:24 | svetoslavivanov1 · tribute_sent a jugador 6 |
| 41:24 | svetoslavivanov1 · tribute_sent a jugador 7 |
| 41:26 | GRaFa · wall_segment Stone Wall x9 |
| 41:33 | GRaFa · wall_segment Stone Wall x3 |
| 42:49 | dddddeano · first_building Castle |
| 43:17 | LabChap · age_up imperial |
| 43:42 | dddddeano · wall_segment Stone Wall x4 |
| 44:32 | melanie0523 · age_up imperial |
| 54:27 | webitos9958 · resign |
| 55:14 | dddddeano · age_up imperial |
| 59:09 | svetoslavivanov1 · first_market_sell 100 wood |
[ AI ANALYSIS · 1 CREDIT ]
What really happened in this match?
Wolo.gg analyzes every decision: build order, eco, micro, common mistakes by bracket. Personalized analysis on WhatsApp or Discord in 30 seconds.
Civ guide
Koreans
Perfil
Jugador #2829459